 Dungeon Crawl Stone Soup version 0.21.1-1-g345015f (webtiles) character file.

46 inc the Vexing (level 3, 14/14 HPs)
             Began as a Felid Enchanter on Feb 25, 2018.
             Quit the game on level 3 of the Dungeon.
             The game lasted 00:06:26 (3271 turns).

inc the Vexing (Felid Enchanter)                    Turns: 3271, Time: 00:06:27

Health: 14/14      AC:  1    Str:  4    XL:     3   Next: 46%
Magic:  7/7        EV: 18    Int: 17    God:
Gold:   74         SH:  0    Dex: 16    Spells: 0/6 levels left
                                        Lives:  0   Deaths: 1

rFire    . . .     SeeInvis +     - Unarmed
rCold    . . .     Gourm    .   (shield unavailable)
rNeg     . . .     Faith    .   (armour unavailable)
rPois    .         Spirit   .   (helmet unavailable)
rElec    .         Reflect  .   (cloak unavailable)
rCorr    .         Harm     .   (gloves unavailable)
MR       .....                  (boots unavailable)
Stlth    +++.......             (no amulet)
HPRegen  0.04/turn              (no ring)
MPRegen  0.10/turn              (no ring)

@: quick
A: very small, no armour, no weapons or thrown items, stealth, claws 1, fangs 3,
see invisible, carnivore, speed 1, shaggy fur 1, slow metabolism 1, sharp paws
a: no special abilities


You were on level 3 of the Dungeon.
You were not hungry.

You visited 1 branch of the dungeon, and saw 3 of its levels.

You collected 74 gold pieces.

Inventory:

Scrolls
 d - a scroll of blinking {unknown}
 e - 3 scrolls of identify {unknown}
 k - a scroll of random uselessness {unknown}
 l - a scroll of enchant weapon {unknown}
 m - a scroll of teleportation {unknown}
 o - a scroll of fear {unknown}
Potions
 c - a potion of might {unknown}
 f - a potion of flight {unknown}
 g - a potion of agility {unknown}
 i - a potion of ambrosia {unknown}
 j - a potion of degeneration {unknown}
 n - a potion of curing {unknown}
 p - a potion of heal wounds {unknown}
Books
 a - a book of Maledictions

   Spells                             Type                      Level
   a - Corona                         Hexes                        1
   b - Ensorcelled Hibernation        Hexes/Ice                    2
   c - Confuse                        Hexes                        3
   d - Tukima's Dance                 Hexes                        3
   e - Dazzling Spray                 Conjuration/Hexes            3
 h - a book of Flames

   Spells                             Type                      Level
   a - Flame Tongue                   Conjuration/Fire             1
   b - Throw Flame                    Conjuration/Fire             2
   c - Conjure Flame                  Conjuration/Fire             3
   d - Inner Flame                    Hexes/Fire                   3
   e - Sticky Flame                   Conjuration/Fire             4
   f - Fireball                       Conjuration/Fire             5
Comestibles
 b - 3 rations


   Skills:
 + Level 2.7 Dodging
 - Level 4.0 Stealth
 - Level 4.3 Unarmed Combat
 - Level 2.0 Spellcasting
 - Level 4.4 Hexes


You couldn't memorise any spells.
You knew the following spells:

 Your Spells              Type           Power        Failure   Level  Hunger
a - Corona                Hex            ###....      3%          1    #......
b - Ensorcelled Hibernat  Hex/Ice        #.....       12%         2    ###....
c - Confuse               Hex            ###.....     10%         3    ###....


Dungeon Overview and Level Annotations

Branches:
Dungeon (3/15)

Altars:
Uskayaw

Annotations:
D:2 Jessica


Innate Abilities, Weirdness & Mutations

You cannot wear armour.
You are incapable of wielding weapons or throwing items.
Your paws allow you to move quietly. (Stealth)
You have sharp claws.
You have razor-sharp teeth.
You have supernaturally acute eyesight. (SInv)
You are carnivorous and can eat meat at any time.
You cover ground quickly.
You are covered in fur. (AC +1)
You have a slow metabolism.
Your sharp claws are effective at attacking unaware monsters.


Message History

Nothing appears to happen.
The orc completely misses you. The orc closely misses you.
Casting: Ensorcelled Hibernation
Confirm with . or Enter, or press ? or * to list all spells.
Aiming: Ensorcelled Hibernation
Press: ? - help, Shift-Dir - straight line, f/p - orc
Aim: an orc, wielding a club (chance to defeat MR: 58%)
The orc looks drowsy...
The orc shouts!
The orc misses you. The orc barely misses you.
There is a stone staircase leading up here.
You scratch the orc.
The orc is severely wounded.
The orc hits you from afar with a trident.
You die...
The orc hits you with a club.
You are now level 3!
You rejoin the land of the living...
Found a stone staircase leading down.
Are you sure you want to abandon this character and quit the game? (Confirm with "yes".)

...>....... #
.........##. ... ......
........... .. .#...
.........# .. ....
?........######.#...
...................#
#..........รท.......#
##.####.#..[.......#
##(##...........@..#
......#.########........
......#.#####...........
......#.......###>......
..(...<..........#######
.................
.................
......o..).......
######o..........


There were no monsters in sight!

Vanquished Creatures
  3 adders (D:2)
  An ooze (D:1)
  A dart slug (D:1)
  4 leopard geckos (D:1)
  An orc (D:3)
  6 bats
  2 giant cockroaches
  7 goblins
  8 hobgoblins
  6 jackals
  7 kobolds
  A quokka (D:2)
  A ball python (D:2)
  A frilled lizard (D:2)
  7 rats
56 creatures vanquished.

Notes
Turn   | Place    | Note
-------+----------+-------------------------------------------
     0 | D:1      | inc the Felid Enchanter began the quest for the Orb.
     0 | D:1      | Reached XP level 1. HP: 7/7 MP: 4/4
   191 | D:1      | Reached XP level 2. HP: 11/11 MP: 6/6
   411 | D:1      | Reached XP level 3. HP: 14/14 MP: 7/7
  1672 | D:2      | Learned a level 2 spell: Ensorcelled Hibernation
  2188 | D:2      | Reached XP level 4. HP: 8/18 MP: 1/8
  2553 | D:2      | Noticed Jessica
  2637 | D:2      | Found a hide-covered altar of Uskayaw.
  3179 | D:1      | Learned a level 3 spell: Confuse
  3270 | D:3      | Slain by an orc
  3271 | D:3      | Reached XP level 3. HP: -2/14 MP: 4/7
  3271 | D:3      | Quit the game

Skill      XL: |  1  2  3 |
---------------+----------+-----
Unarmed Combat | 2 3 4 |  4.3
Dodging        | |  2.7
Stealth        | |  4.0
Spellcasting   | |  2.0
Hexes          | |  4.4

Action                   |  1- 3 |  4- 6 || total
-------------------------+-------+-------++-------
Melee: Unarmed           |   117 |    38 ||   155
       Bite              |    12 |     2 ||    14
       Punch             |     2 |       ||     2
 Cast: Ensorcelled Hiber |     7 |    11 ||    18
       Corona            |     6 |     2 ||     8
 Stab: Sleeping          |    14 |     6 ||    20
  Eat: Chunk             |     4 |     3 ||     7
Armor: Skin              |    13 |     1 ||    14
Dodge: Dodged            |   111 |    32 ||   143
